 Dungeon Crawl Stone Soup version 0.28.0-47-ge53b351184 (webtiles) character file.

Game seed: 3905199065631559574

18 Descartes the Grasshopper (level 2, 0/22 HPs)
             Began as a Formicid Warper on May 8, 2022.
             Slain by a giant cockroach (1 damage)
             ... on level 1 of the Dungeon.
             The game lasted 00:01:19 (999 turns).

Descartes the Grasshopper (Formicid Warper)          Turns: 999, Time: 00:01:20

Health: 0/22       AC:  3    Str: 15    XL:     2   Next: 90%
Magic:  5/5        EV: 11    Int: 12    God:
Gold:   71         SH:  0    Dex: 10    Spells: 5/5 levels left

rFire   . . .      SeeInvis +   a - +0 mace
rCold   . . .      Faith    .   (no shield)
rNeg    . . .      Spirit   .   b - +0 leather armour
rPois   .          Reflect  .   (helmet unavailable)
rElec   .          Harm     .   (no cloak)
rCorr   .          Rampage  .   (no gloves)
Will    .....                   (no boots)
Stlth   +.........              (no amulet)
HPRegen 0.07/turn               (no ring)
MPRegen 0.09/turn               (no ring)

@: no status effects
A: permanent stasis, dig shafts and tunnels, antennae 3, four strong arms
a: Dig, Shaft Self


You were on level 1 of the Dungeon.
You visited 1 branch of the dungeon, and saw 1 of its levels.

You collected 71 gold pieces.

Inventory:

Hand Weapons
 a - a +0 mace (weapon)
Missiles
 c - 5 boomerangs of dispersal (quivered)
Armour
 b - a +0 leather armour (worn)


   Skills:
 - Level 2.1 Fighting
 - Level 2.0 Maces & Flails
 - Level 1.0 Throwing
 + Level 1.9 Armour
 - Level 1.7 Dodging
 + Level 1.4 Shields
 - Level 2.1 Spellcasting
 + Level 3.0 Translocations


You had 5 spell levels left.
You didn't know any spells.
Your spell library contained the following spells:

 Spells                   Type           Power      Damage    Failure   Level
 Gell's Gravitas          Tloc           8%         N/A       28%         3
 Lesser Beckoning         Tloc           8%         N/A       28%         3
 Teleport Other           Tloc           8%         N/A       28%         3
 Manifold Assault         Tloc           8%         N/A       95%         5
 Blink                    Tloc           Unusable   N/A       N/A         2

Dungeon Overview and Level Annotations

Branches:
Dungeon (1/15)

Altars:


Innate Abilities, Weirdness & Mutations

You cannot be hasted, slowed, berserked, paralysed or teleported.
You can dig through walls and to a lower floor.
You have a pair of large antennae on your head. (SInv)
Your four strong arms can wield two-handed weapons with a shield.


Message History

You barely miss the giant cockroach.
The giant cockroach bites you but does no damage.
The ball python bites you but does no damage.
The ball python constricts you. The giant cockroach bites you.
The ball python closely misses you. The ball python constricts you.
You closely miss the giant cockroach. The giant cockroach closely misses you.
The ball python barely misses you. The ball python constricts you.
You closely miss the giant cockroach.
The giant cockroach bites you but does no damage.
The ball python bites you but does no damage.
The ball python constricts you.
The giant cockroach bites you but does no damage.
The ball python bites you but does no damage.
The ball python constricts you. The dart slug closely misses you.
You barely miss the ball python.
The ball python is severely wounded.
The giant cockroach waves its antennae.
The giant cockroach bites you but does no damage.
The ball python bites you but does no damage.
The ball python constricts you. The dart slug launches a dart at you.
The slug dart hits you.
* * * LOW HITPOINT WARNING * * *
The giant cockroach barely misses you.
You completely miss the ball python.
The ball python is severely wounded.
The ball python bites you but does no damage.
The ball python constricts you. The giant cockroach closely misses you.
The ball python bites you but does no damage.
The ball python constricts you.
Unknown command.
You thump the ball python!
You kill the ball python!
The giant cockroach bites you.
* * * LOW HITPOINT WARNING * * *
The dart slug launches a dart at you. The slug dart hits you.
* * * LOW HITPOINT WARNING * * *
The giant cockroach bites you.
You die...

.#.................
....####..........
..#...........###.
#.#..#######..###.
#.#..# #........
###.#..#######.####.
# #..B......#
#......
....#.#w##.##.#
#####..
#.....†@##.##.# #.#
#.###.#B##.##.# #.#
#.#.##....# #.#
#.#.##.##.###### #.#
..............###.#
#.....†#####......
.######.#...#.###.#
........+.8.'.# ###
######..#...#.#


You could see a dart slug and 2 giant cockroaches.

Vanquished Creatures
  2 bats (D:1)
  An endoplasm (D:1)
  A giant cockroach (D:1)
  4 goblins (D:1)
  2 hobgoblins (D:1)
  3 ball pythons (D:1)
  2 frilled lizards (D:1)
  4 rats (D:1)
19 creatures vanquished.

Notes
Turn   | Place    | Note
-------+----------+-------------------------------------------
     0 | D:1      | Descartes the Formicid Warper began the quest for the Orb.
     0 | D:1      | Reached XP level 1. HP: 16/16 MP: 3/3
    17 | D:1      | Found a faded altar of an unknown god.
   313 | D:1      | Reached XP level 2. HP: 4/22 MP: 5/5
   314 | D:1      | Reached skill level 1 in Shields
   747 | D:1      | Reached skill level 3 in Translocations
   999 | D:1      | HP: 1/22 [dart slug/slug dart (2)]
   999 | D:1      | Slain by a giant cockroach

Illustrated notes

Levels and vault maps discovered:
D:1:      dpeg_arrival_refuge, layout_basic, ebering_ecumenical_altar_mist,
          minmay_misc_feat_room, minmay_cupped

Skill      XL: |  1  2 |
---------------+-------+-----
Shields        | 1 |  1.4
Translocations | 3 |  3.0
Fighting       | |  2.1
Maces & Flails | |  2.0
Throwing       | |  1.0
Armour         | |  1.9
Dodging        | |  1.7
Spellcasting   | |  2.1

Action                   || total
-------------------------++-------
Melee: Mace              ||    61
Armor: Leather armour    ||    28
Dodge: Dodged            ||    47
